[ AOE2 MATCH · #461828168 ]
Team RMFranks vs Hindustanis
[ REPLAY ANALYSIS · EXTRACTED FROM THE RECORDED GAME ]
Feudal
11:12
Castle
15:07
Imperial
30:18
| APM avg | 28.6 |
| APM peak | 64 |
| eAPM avg | 14.9 |
| Villagers / military | 121 / 36 |
Focus
⚔️ 16.1% · 🌾 83.9%
Knight ×35 · Monk ×1
Feudal
10:58
Castle
16:24
Imperial
—
| APM avg | 21.4 |
| APM peak | 58 |
| eAPM avg | 11.3 |
| Villagers / military | 112 / 79 |
Focus
⚔️ 16.0% · 🌾 84.0%
Genoese Crossbowman ×42 · Skirmisher ×20 · Spearman ×17
Feudal
11:01
Castle
15:18
Imperial
29:09
| APM avg | 18.9 |
| APM peak | 44 |
| eAPM avg | 12.7 |
| Villagers / military | 108 / 26 |
Focus
⚔️ 11.5% · 🌾 88.5%
Archer ×23 · Trebuchet (Packed) ×3
Feudal
10:59
Castle
14:32
Imperial
27:49
| APM avg | 24.0 |
| APM peak | 67 |
| eAPM avg | 16.7 |
| Villagers / military | 137 / 99 |
Focus
⚔️ 17.8% · 🌾 82.2%
Camel Scout ×97 · Monk ×1 · Armored Elephant ×1
Feudal
12:34
Castle
16:47
Imperial
30:13
| APM avg | 24.0 |
| APM peak | 41 |
| eAPM avg | 19.0 |
| Villagers / military | 126 / 35 |
Focus
⚔️ 15.4% · 🌾 84.6%
Unknown (2550) ×12 · Archer ×12 · Mangonel ×11 · Petard ×10 · Monk ×1 · Battering Ram ×1
Feudal
13:39
Castle
16:20
Imperial
32:07
| APM avg | 24.6 |
| APM peak | 60 |
| eAPM avg | 18.0 |
| Villagers / military | 159 / 38 |
Focus
⚔️ 14.3% · 🌾 85.7%
Ballista Elephant ×36 · Monk ×2
Feudal
12:14
Castle
16:12
Imperial
27:58
| APM avg | 15.2 |
| APM peak | 40 |
| eAPM avg | 10.8 |
| Villagers / military | 126 / 53 |
Focus
⚔️ 17.8% · 🌾 82.2%
Kamayuk ×50 · Trebuchet (Packed) ×3
Feudal
10:39
Castle
15:24
Imperial
31:29
| APM avg | 38.2 |
| APM peak | 77 |
| eAPM avg | 23.1 |
| Villagers / military | 193 / 27 |
Focus
⚔️ 17.9% · 🌾 82.1%
Teutonic Knight ×23 · Monk ×4
Match map
Initial resources + every placement click. Lines = walls · curves = elevation contours. ◆ gold · ⬟ stone · ● berries · ✦ relic · ◌ wall gap
Your base· ✓ Closed at 15:07 · 0t walls · 2 gate(s)
ffenics's base· ✓ Closed at 16:24 · 24t walls · 2 gate(s)
cicici's base· ✓ Closed at 15:18 · 0t walls · 3 gate(s)
wannabepirate's base· ✓ Closed at 14:32 · 0t walls · 3 gate(s)
二旬老汉's base· ✓ Closed at 16:47 · 0t walls · 2 gate(s)
捣蛋鬼曼波's base· ✓ Closed at 16:20 · 0t walls · 3 gate(s)
有嘎达猪王's base· ✓ Closed at 16:12 · 0t walls · 3 gate(s)
冈坂日川's base· ✓ Closed at 15:24 · 0t walls · 2 gate(s)
Smoothed initial terrain · ◌ = detected wall gap · hover for details
Inputs per minute
— #14 - - ffenics
Build order — #14
First 150 of 283 actions detected
| 0:02 | Create | Villager (Male) |
| 0:02 | Create | Villager (Male) |
| 0:04 | Build | House |
| 0:05 | Build | House |
| 0:18 | Create | Villager (Male) |
| 0:18 | Create | Villager (Male) |
| 1:25 | Create | Villager (Male) |
| 1:25 | Create | Villager (Male) |
| 1:49 | Create | Villager (Male) |
| 1:49 | Create | Villager (Male) |
| 1:57 | Build | Lumber Camp |
| 2:27 | Create | Villager (Male) |
| 2:54 | Create | Villager (Male) |
| 2:54 | Create | Villager (Male) |
| 3:02 | Create | Villager (Male) |
| 3:03 | Create | Villager (Male) |
| 3:36 | Build | House |
| 3:39 | Build | House |
| 3:41 | Create | Villager (Male) |
| 3:41 | Create | Villager (Male) |
| 4:05 | Create | Villager (Male) |
| 4:05 | Create | Villager (Male) |
| 4:25 | Build | Mill |
| 4:34 | Create | Villager (Male) |
| 4:34 | Create | Villager (Male) |
| 5:10 | Create | Villager (Male) |
| 5:10 | Create | Villager (Male) |
| 5:33 | Create | Villager (Male) |
| 5:33 | Create | Villager (Male) |
| 5:49 | Create | Villager (Male) |
| 5:49 | Create | Villager (Male) |
| 5:59 | Create | Villager (Male) |
| 6:00 | Create | Villager (Male) |
| 6:19 | Create | Villager (Male) |
| 6:28 | Create | Villager (Male) |
| 6:51 | Create | Villager (Male) |
| 8:11 | Build | House |
| 8:31 | Create | Villager (Male) |
| 8:41 | Build | Mining Camp |
| 9:02 | Research | Feudal Age |
| 9:03 | Research | Feudal Age |
| 9:30 | Create | Villager (Male) |
| 9:31 | Create | Villager (Male) |
| 9:32 | Create | Villager (Male) |
| 11:12 | Age | Feudal Age |
| 11:15 | Build | Market |
| 11:19 | Build | Blacksmith |
| 12:20 | Research | Castle Age |
| 12:21 | Research | Castle Age |
| 12:24 | Build | Barracks |
| 12:45 | Build | Farm |
| 12:53 | Build | Farm |
| 13:06 | Build | Farm |
| 13:15 | Research | Double-Bit Axe |
| 13:24 | Build | Stable |
| 13:28 | Build | Farm |
| 13:30 | Build | Farm |
| 13:46 | Build | Farm |
| 13:59 | Build | House |
| 15:07 | Age | Castle Age |
| 15:11 | Build | Town Center |
| 15:16 | Create | Villager (Male) |
| 15:19 | Create | Knight |
| 15:29 | Build | House |
| 15:33 | Create | Villager (Male) |
| 15:44 | Build | Town Center |
| 15:49 | Create | Villager (Male) |
| 15:53 | Create | Knight |
| 16:01 | Build | House |
| 16:19 | Research | Bow Saw |
| 16:25 | Create | Villager (Male) |
| 16:36 | Build | House |
| 16:38 | Build | House |
| 16:42 | Create | Villager (Male) |
| 16:56 | Create | Villager (Male) |
| 17:09 | Create | Villager (Male) |
| 17:11 | Create | Villager (Male) |
| 17:13 | Build | Farm |
| 17:15 | Build | Farm |
| 17:18 | Build | Farm |
| 17:25 | Create | Villager (Male) |
| 17:28 | Create | Knight |
| 17:34 | Create | Villager (Male) |
| 17:42 | Create | Villager (Male) |
| 17:43 | Research | Loom |
| 17:46 | Build | House |
| 17:47 | Build | House |
| 17:56 | Build | Farm |
| 18:02 | Build | Farm |
| 18:04 | Build | Farm |
| 18:06 | Build | Farm |
| 18:12 | Create | Villager (Male) |
| 18:15 | Create | Villager (Male) |
| 18:21 | Build | Farm |
| 18:24 | Build | Farm |
| 18:38 | Create | Villager (Male) |
| 18:41 | Create | Villager (Male) |
| 18:49 | Build | Farm |
| 18:51 | Build | Farm |
| 18:59 | Build | Farm |
| 19:00 | Build | Farm |
| 19:07 | Build | Farm |
| 19:09 | Create | Villager (Male) |
| 19:11 | Create | Villager (Male) |
| 19:19 | Create | Villager (Male) |
| 19:23 | Build | House |
| 19:42 | Create | Villager (Male) |
| 19:44 | Create | Villager (Male) |
| 19:52 | Build | Farm |
| 19:57 | Build | Farm |
| 20:01 | Build | Farm |
| 20:05 | Build | House |
| 20:07 | Build | House |
| 20:09 | Create | Villager (Male) |
| 20:10 | Create | Villager (Male) |
| 20:11 | Create | Villager (Male) |
| 20:32 | Create | Villager (Male) |
| 20:33 | Create | Villager (Male) |
| 20:34 | Create | Villager (Male) |
| 20:43 | Build | Lumber Camp |
| 20:54 | Create | Villager (Male) |
| 20:54 | Create | Villager (Male) |
| 20:55 | Create | Villager (Male) |
| 20:58 | Create | Knight |
| 21:08 | Build | House |
| 21:14 | Build | Monastery |
| 21:19 | Create | Villager (Male) |
| 21:20 | Create | Villager (Male) |
| 21:21 | Create | Villager (Male) |
| 21:33 | Create | Knight |
| 21:49 | Create | Villager (Male) |
| 21:50 | Create | Villager (Male) |
| 21:51 | Create | Villager (Male) |
| 22:20 | Build | Town Center |
| 22:22 | Create | Villager (Male) |
| 22:23 | Create | Villager (Male) |
| 22:24 | Create | Villager (Male) |
| 22:27 | Build | House |
| 22:28 | Build | House |
| 22:42 | Create | Knight |
| 22:52 | Build | Farm |
| 22:53 | Build | Farm |
| 22:55 | Build | Farm |
| 22:58 | Build | Farm |
| 23:06 | Build | Farm |
| 23:07 | Build | Farm |
| 23:08 | Build | Farm |
| 23:11 | Build | Farm |
| 23:14 | Create | Villager (Male) |
| 23:15 | Create | Villager (Male) |
Build order — ffenics
First 150 of 229 actions detected
| 0:03 | Create | Villager (Male) |
| 0:03 | Create | Villager (Male) |
| 0:03 | Create | Villager (Male) |
| 0:04 | Create | Villager (Male) |
| 0:04 | Create | Villager (Male) |
| 0:05 | Build | House |
| 0:07 | Build | House |
| 1:26 | Create | Villager (Male) |
| 1:26 | Create | Villager (Male) |
| 2:02 | Build | Lumber Camp |
| 2:18 | Create | Villager (Male) |
| 2:18 | Create | Villager (Male) |
| 2:34 | Create | Villager (Male) |
| 2:35 | Create | Villager (Male) |
| 2:42 | Create | Villager (Male) |
| 3:30 | Create | Villager (Male) |
| 3:30 | Create | Villager (Male) |
| 3:38 | Build | House |
| 3:57 | Create | Villager (Male) |
| 3:57 | Create | Villager (Male) |
| 4:33 | Build | Mill |
| 5:03 | Create | Villager (Male) |
| 5:03 | Create | Villager (Male) |
| 5:29 | Create | Villager (Male) |
| 5:29 | Create | Villager (Male) |
| 5:39 | Build | House |
| 5:57 | Build | Mining Camp |
| 6:16 | Create | Villager (Male) |
| 6:17 | Create | Villager (Male) |
| 6:50 | Create | Villager (Male) |
| 6:50 | Create | Villager (Male) |
| 7:51 | Create | Villager (Male) |
| 8:43 | Create | Villager (Male) |
| 8:48 | Research | Feudal Age |
| 8:57 | Build | House |
| 9:45 | Create | Villager (Male) |
| 10:01 | Create | Villager (Male) |
| 10:04 | Create | Villager (Male) |
| 10:04 | Create | Villager (Male) |
| 10:05 | Create | Villager (Male) |
| 10:58 | Age | Feudal Age |
| 11:09 | Build | Market |
| 11:12 | Build | Blacksmith |
| 13:44 | Research | Castle Age |
| 13:48 | Build | House |
| 13:49 | Build | House |
| 13:51 | Build | House |
| 14:12 | Research | Gold Mining |
| 14:16 | Research | Horse Collar |
| 14:51 | Create | Villager (Male) ×5 |
| 14:51 | Create | Villager (Male) ×5 |
| 15:20 | Build | Lumber Camp |
| 15:29 | Build | House |
| 15:58 | Build | Mining Camp |
| 16:23 | Build | Stone Wall |
| 16:24 | Age | Castle Age |
| 16:56 | Build | Town Center |
| 17:18 | Build | Town Center |
| 17:25 | Create | Villager (Male) |
| 17:48 | Build | Farm |
| 17:58 | Research | Double-Bit Axe |
| 18:42 | Build | Farm |
| 18:46 | Create | Villager (Male) |
| 18:47 | Create | Villager (Male) |
| 18:47 | Create | Villager (Male) |
| 18:56 | Create | Villager (Male) |
| 18:56 | Create | Villager (Male) |
| 19:11 | Build | Farm |
| 19:30 | Create | Villager (Male) |
| 19:30 | Create | Villager (Male) |
| 19:37 | Create | Villager (Male) |
| 19:37 | Create | Villager (Male) |
| 19:43 | Build | Farm |
| 19:47 | Build | Farm |
| 19:50 | Build | Farm |
| 19:56 | Build | Farm |
| 20:00 | Build | Farm |
| 20:06 | Build | Farm |
| 20:10 | Build | Farm |
| 20:14 | Create | Villager (Male) |
| 20:27 | Build | Farm |
| 20:31 | Build | Farm |
| 20:43 | Build | Lumber Camp |
| 21:01 | Build | Barracks |
| 21:15 | Create | Villager (Male) |
| 21:16 | Create | Villager (Male) |
| 21:17 | Create | Villager (Male) |
| 21:19 | Create | Villager (Male) |
| 21:27 | Build | Farm |
| 21:47 | Create | Villager (Male) |
| 21:48 | Create | Villager (Male) |
| 21:54 | Create | Villager (Male) |
| 21:58 | Create | Villager (Male) |
| 22:23 | Create | Spearman ×3 |
| 22:30 | Build | Barracks |
| 22:38 | Build | Farm |
| 22:40 | Build | Farm |
| 22:43 | Build | Farm |
| 22:44 | Create | Villager (Male) |
| 22:45 | Research | Loom |
| 22:54 | Build | Farm |
| 22:57 | Create | Villager (Male) |
| 22:58 | Create | Villager (Male) |
| 23:04 | Build | Farm |
| 23:07 | Build | Farm |
| 23:14 | Create | Villager (Male) |
| 23:14 | Create | Villager (Male) |
| 23:16 | Create | Villager (Male) |
| 23:38 | Build | Archery Range |
| 23:39 | Build | Archery Range |
| 23:48 | Research | Scale Mail Armor |
| 23:59 | Build | Castle |
| 24:13 | Build | House |
| 24:13 | Build | House |
| 24:13 | Build | House |
| 24:13 | Build | House |
| 24:14 | Build | House |
| 24:14 | Build | House |
| 24:14 | Build | House |
| 24:15 | Build | House |
| 24:15 | Build | House |
| 24:20 | Research | Heavy Plow |
| 24:21 | Create | Villager (Male) |
| 24:24 | Create | Villager (Male) |
| 24:25 | Create | Villager (Male) |
| 24:33 | Create | Spearman ×3 |
| 25:22 | Research | Crossbowman (upgrade) |
| 25:30 | Research | Fletching |
| 25:48 | Create | Villager (Male) |
| 25:48 | Create | Villager (Male) |
| 25:50 | Create | Villager (Male) |
| 25:51 | Create | Villager (Male) |
| 25:51 | Create | Villager (Male) |
| 25:53 | Build | Farm |
| 25:57 | Build | Farm |
| 26:12 | Build | Farm |
| 26:16 | Create | Villager (Male) |
| 26:17 | Create | Villager (Male) |
| 26:22 | Build | Farm |
| 26:27 | Create | Villager (Male) |
| 26:27 | Create | Villager (Male) |
| 26:36 | Create | Genoese Crossbowman ×5 |
| 26:36 | Create | Genoese Crossbowman ×5 |
| 26:36 | Create | Genoese Crossbowman ×5 |
| 26:37 | Create | Genoese Crossbowman ×5 |
| 26:58 | Build | Stone Wall |
| 27:09 | Build | Gate |
| 27:29 | Create | Villager (Male) |
| 27:29 | Create | Villager (Male) |
| 27:32 | Create | Villager (Male) |
Build order — cicici
First 150 of 215 actions detected
| 0:01 | Create | Villager (Male) |
| 0:01 | Create | Villager (Male) |
| 0:02 | Create | Villager (Male) |
| 0:05 | Build | House |
| 0:06 | Build | House |
| 1:10 | Create | Villager (Male) |
| 1:31 | Create | Villager (Male) |
| 1:32 | Create | Villager (Male) |
| 1:55 | Build | Lumber Camp |
| 2:11 | Create | Villager (Male) |
| 2:11 | Create | Villager (Male) |
| 2:36 | Create | Villager (Male) |
| 3:00 | Create | Villager (Male) |
| 3:00 | Create | Villager (Male) |
| 3:14 | Create | Villager (Male) |
| 3:37 | Build | Mill |
| 3:38 | Create | Villager (Male) |
| 4:18 | Create | Villager (Male) |
| 4:41 | Build | House |
| 4:54 | Create | Villager (Male) |
| 5:10 | Build | House |
| 5:17 | Build | House |
| 5:31 | Create | Villager (Male) |
| 5:31 | Create | Villager (Male) |
| 5:31 | Create | Villager (Male) |
| 5:32 | Create | Villager (Male) |
| 5:36 | Create | Villager (Male) |
| 6:26 | Build | Mill |
| 6:39 | Create | Villager (Male) |
| 6:55 | Create | Villager (Male) |
| 6:55 | Create | Villager (Male) |
| 6:55 | Create | Villager (Male) |
| 6:56 | Create | Villager (Male) |
| 6:56 | Create | Villager (Male) |
| 6:56 | Create | Villager (Male) |
| 7:03 | Create | Villager (Male) |
| 7:47 | Create | Villager (Male) |
| 8:46 | Research | Feudal Age |
| 9:39 | Build | Mining Camp |
| 11:01 | Age | Feudal Age |
| 11:04 | Create | Villager (Male) |
| 11:16 | Build | Market |
| 11:25 | Build | Blacksmith |
| 12:13 | Create | Villager (Male) |
| 12:30 | Research | Castle Age |
| 12:58 | Research | Double-Bit Axe |
| 13:40 | Create | Villager (Male) |
| 14:00 | Build | Farm |
| 14:01 | Build | Farm |
| 14:30 | Build | Farm |
| 15:18 | Age | Castle Age |
| 15:39 | Build | Castle |
| 15:42 | Create | Villager (Male) |
| 15:43 | Create | Villager (Male) |
| 16:05 | Build | Farm |
| 16:09 | Build | Farm |
| 16:16 | Build | Farm |
| 16:38 | Create | Villager (Male) |
| 16:39 | Create | Villager (Male) |
| 17:04 | Build | Town Center |
| 17:20 | Create | Villager (Male) |
| 17:21 | Create | Villager (Male) |
| 17:27 | Build | Farm |
| 17:33 | Build | Farm |
| 17:38 | Build | Farm |
| 17:47 | Build | Farm |
| 17:58 | Build | Farm |
| 18:18 | Build | Town Center |
| 18:23 | Create | Villager (Male) |
| 18:24 | Create | Villager (Male) |
| 18:26 | Build | Farm |
| 18:31 | Create | Villager (Male) |
| 18:31 | Create | Villager (Male) |
| 18:36 | Build | Farm |
| 18:52 | Create | Villager (Male) |
| 18:55 | Build | Farm |
| 18:55 | Build | Farm |
| 18:55 | Build | Farm |
| 19:16 | Create | Villager (Male) |
| 19:17 | Create | Villager (Male) |
| 19:18 | Build | Farm |
| 19:31 | Build | Farm |
| 19:31 | Build | Farm |
| 19:31 | Build | Farm |
| 19:32 | Build | Farm |
| 19:49 | Create | Villager (Male) |
| 19:50 | Create | Villager (Male) |
| 19:51 | Create | Villager (Male) |
| 19:58 | Build | House |
| 20:00 | Build | House |
| 20:03 | Create | Villager (Male) |
| 20:04 | Create | Villager (Male) |
| 20:13 | Create | Villager (Male) |
| 20:17 | Create | Villager (Male) |
| 20:25 | Build | House |
| 20:31 | Create | Villager (Male) |
| 20:34 | Create | Villager (Male) |
| 20:35 | Create | Villager (Male) |
| 20:46 | Build | Farm |
| 20:48 | Create | Villager (Male) |
| 20:55 | Build | Mining Camp |
| 21:00 | Create | Villager (Male) |
| 21:04 | Build | House |
| 21:05 | Build | House |
| 21:08 | Build | Farm |
| 21:10 | Create | Villager (Male) |
| 21:11 | Create | Villager (Male) |
| 21:17 | Build | Farm |
| 21:21 | Build | Farm |
| 21:25 | Create | Villager (Male) |
| 21:28 | Build | Farm |
| 21:39 | Create | Villager (Male) |
| 21:40 | Create | Villager (Male) |
| 21:50 | Research | Gold Mining |
| 21:51 | Create | Villager (Male) |
| 21:53 | Create | Villager (Male) |
| 21:54 | Create | Villager (Male) |
| 21:54 | Create | Villager (Male) |
| 21:56 | Create | Villager (Male) |
| 22:00 | Build | Farm |
| 22:03 | Build | Farm |
| 22:11 | Create | Villager (Male) |
| 22:21 | Build | Barracks |
| 22:26 | Create | Villager (Male) |
| 22:30 | Build | Farm |
| 22:42 | Create | Villager (Male) |
| 22:57 | Build | University |
| 23:04 | Create | Villager (Male) |
| 23:05 | Create | Villager (Male) |
| 23:10 | Create | Villager (Male) |
| 23:13 | Create | Villager (Male) |
| 23:16 | Build | Farm |
| 23:27 | Create | Villager (Male) |
| 23:29 | Create | Villager (Male) |
| 23:46 | Build | Archery Range |
| 23:50 | Create | Villager (Male) |
| 23:51 | Create | Villager (Male) |
| 24:08 | Research | Wheelbarrow |
| 24:19 | Build | Archery Range |
| 24:21 | Create | Villager (Male) |
| 24:22 | Create | Villager (Male) |
| 24:23 | Create | Villager (Male) |
| 24:26 | Create | Villager (Male) |
| 24:46 | Build | Mining Camp |
| 24:50 | Create | Villager (Male) |
| 24:52 | Create | Villager (Male) |
| 25:13 | Create | Villager (Male) |
| 25:14 | Create | Villager (Male) |
| 25:15 | Create | Villager (Male) |
| 25:48 | Build | Archery Range |
Build order — wannabepirate
First 150 of 304 actions detected
| 0:02 | Create | Villager (Male) |
| 0:05 | Build | House |
| 0:08 | Build | House |
| 0:10 | Create | Villager (Male) |
| 0:10 | Create | Villager (Male) |
| 0:10 | Create | Villager (Male) |
| 1:17 | Create | Villager (Male) |
| 1:17 | Create | Villager (Male) |
| 1:38 | Create | Villager (Male) |
| 2:04 | Create | Villager (Male) |
| 2:05 | Create | Villager (Male) |
| 2:19 | Build | Lumber Camp |
| 2:34 | Create | Villager (Male) |
| 2:34 | Create | Villager (Male) |
| 2:35 | Create | Villager (Male) |
| 3:23 | Create | Villager (Male) |
| 3:23 | Create | Villager (Male) |
| 4:01 | Build | House |
| 4:14 | Create | Villager (Male) |
| 4:14 | Create | Villager (Male) |
| 4:28 | Build | Mill |
| 4:36 | Build | House |
| 4:56 | Create | Villager (Male) |
| 5:24 | Create | Villager (Male) |
| 5:30 | Create | Villager (Male) |
| 5:47 | Create | Villager (Male) |
| 6:30 | Build | Mining Camp |
| 6:38 | Create | Villager (Male) |
| 6:38 | Create | Villager (Male) |
| 7:25 | Create | Villager (Male) |
| 7:55 | Create | Villager (Male) |
| 8:15 | Create | Villager (Male) |
| 8:20 | Research | Feudal Age |
| 8:58 | Build | Mill |
| 9:40 | Create | Villager (Male) |
| 9:41 | Create | Villager (Male) |
| 9:45 | Build | House |
| 10:14 | Build | Farm |
| 10:18 | Build | Farm |
| 10:59 | Age | Feudal Age |
| 11:01 | Build | Market |
| 11:04 | Build | Blacksmith |
| 11:52 | Research | Castle Age |
| 11:52 | Research | Castle Age |
| 12:02 | Research | Double-Bit Axe |
| 13:13 | Research | Horse Collar |
| 13:37 | Create | Villager (Male) |
| 14:32 | Age | Castle Age |
| 14:34 | Build | Town Center |
| 14:36 | Build | Town Center |
| 14:41 | Create | Villager (Male) |
| 14:43 | Research | Heavy Plow |
| 15:20 | Build | Monastery |
| 15:24 | Build | Farm |
| 15:29 | Create | Villager (Male) |
| 15:39 | Build | Farm |
| 15:45 | Build | Farm |
| 15:52 | Create | Villager (Male) |
| 16:05 | Build | House |
| 16:10 | Create | Villager (Male) |
| 16:11 | Create | Villager (Male) |
| 16:14 | Create | Villager (Male) |
| 16:17 | Build | House |
| 16:28 | Create | Villager (Male) |
| 16:30 | Build | Farm |
| 16:34 | Build | Farm |
| 16:36 | Build | Farm |
| 16:40 | Build | Farm |
| 16:42 | Create | Villager (Male) |
| 16:44 | Build | Farm |
| 16:47 | Create | Monk |
| 16:49 | Create | Villager (Male) |
| 16:50 | Create | Villager (Male) |
| 16:50 | Create | Villager (Male) |
| 16:50 | Create | Villager (Male) |
| 16:51 | Create | Villager (Male) |
| 16:52 | Create | Villager (Male) |
| 16:54 | Build | House |
| 17:18 | Build | Farm |
| 17:24 | Build | Farm |
| 17:26 | Build | Farm |
| 17:28 | Build | Farm |
| 17:39 | Build | House |
| 17:44 | Create | Villager (Male) |
| 17:45 | Create | Villager (Male) |
| 17:46 | Build | Farm |
| 17:52 | Build | Farm |
| 18:02 | Build | Farm |
| 18:04 | Build | Farm |
| 18:06 | Create | Villager (Male) |
| 18:07 | Create | Villager (Male) |
| 18:07 | Create | Villager (Male) |
| 18:08 | Create | Villager (Male) |
| 18:24 | Create | Villager (Male) |
| 18:25 | Create | Villager (Male) |
| 18:30 | Build | House |
| 18:39 | Build | Farm |
| 18:42 | Build | Farm |
| 18:46 | Build | Farm |
| 18:47 | Create | Villager (Male) |
| 18:50 | Build | Farm |
| 18:55 | Build | Farm |
| 19:00 | Build | Farm |
| 19:01 | Create | Villager (Male) |
| 19:01 | Create | Villager (Male) |
| 19:02 | Create | Villager (Male) |
| 19:13 | Build | House |
| 19:27 | Build | Farm |
| 19:30 | Research | Wheelbarrow |
| 19:31 | Create | Villager (Male) |
| 19:31 | Create | Villager (Male) |
| 19:47 | Build | Farm |
| 19:48 | Create | Villager (Male) |
| 19:49 | Create | Villager (Male) |
| 19:51 | Build | Farm |
| 20:06 | Create | Villager (Male) |
| 20:10 | Build | House |
| 20:26 | Create | Villager (Male) |
| 20:26 | Create | Villager (Male) |
| 20:29 | Build | Farm |
| 20:37 | Build | Town Center |
| 20:39 | Build | Farm |
| 20:40 | Create | Villager (Male) |
| 20:44 | Build | Farm |
| 20:45 | Create | Villager (Male) |
| 20:53 | Research | Loom |
| 20:53 | Research | Town Watch |
| 20:58 | Build | House |
| 21:02 | Create | Villager (Male) |
| 21:03 | Create | Villager (Male) |
| 21:10 | Build | Farm |
| 21:15 | Research | Hand Cart |
| 21:16 | Create | Villager (Male) |
| 21:28 | Create | Villager (Male) |
| 21:32 | Build | Farm |
| 21:38 | Create | Villager (Male) |
| 21:43 | Build | House |
| 21:50 | Create | Villager (Male) |
| 21:53 | Create | Villager (Male) |
| 21:54 | Create | Villager (Male) |
| 22:03 | Research | Bow Saw |
| 22:08 | Create | Villager (Male) |
| 22:08 | Create | Villager (Male) |
| 22:22 | Create | Villager (Male) |
| 22:26 | Build | Farm |
| 22:30 | Build | Farm |
| 22:32 | Create | Villager (Male) |
| 22:32 | Create | Villager (Male) |
| 22:45 | Build | University |
| 22:47 | Build | House |
Build order — 二旬老汉
First 150 of 270 actions detected
| 0:04 | Build | House |
| 0:08 | Build | House |
| 0:11 | Research | Loom |
| 0:12 | Create | Villager (Male) ×4 |
| 1:33 | Create | Villager (Male) |
| 1:33 | Create | Villager (Male) |
| 2:05 | Create | Villager (Male) |
| 2:06 | Create | Villager (Male) |
| 2:31 | Create | Villager (Male) |
| 2:32 | Create | Villager (Male) |
| 3:09 | Create | Villager (Male) |
| 3:22 | Create | Villager (Male) |
| 3:33 | Build | Settlement |
| 4:05 | Create | Villager (Male) |
| 4:06 | Create | Villager (Male) |
| 4:21 | Create | Villager (Male) |
| 4:21 | Create | Villager (Male) |
| 4:53 | Build | House |
| 5:09 | Create | Villager (Male) |
| 5:51 | Build | Settlement |
| 6:06 | Build | Settlement |
| 6:09 | Create | Villager (Male) |
| 6:10 | Create | Villager (Male) |
| 6:10 | Create | Villager (Male) |
| 6:10 | Create | Villager (Male) |
| 6:10 | Create | Villager (Male) |
| 7:05 | Create | Villager (Male) |
| 7:13 | Build | House |
| 7:33 | Create | Villager (Male) |
| 7:57 | Build | Settlement |
| 8:33 | Create | Villager (Male) |
| 9:09 | Create | Villager (Male) |
| 9:18 | Create | Villager (Male) |
| 9:22 | Create | Villager (Male) |
| 9:23 | Create | Villager (Male) |
| 9:27 | Research | Feudal Age |
| 10:07 | Build | Settlement |
| 10:11 | Create | Villager (Male) |
| 10:51 | Create | Villager (Male) |
| 12:34 | Age | Feudal Age |
| 12:44 | Build | Market |
| 13:11 | Create | Villager (Male) |
| 13:43 | Build | Blacksmith |
| 14:07 | Research | Castle Age |
| 14:19 | Build | Settlement |
| 14:29 | Create | Villager (Male) |
| 14:44 | Create | Villager (Male) |
| 15:06 | Create | Villager (Male) |
| 15:56 | Build | Farm |
| 15:57 | Build | Farm |
| 16:13 | Build | Farm |
| 16:14 | Build | Farm |
| 16:20 | Research | Horse Collar |
| 16:38 | Build | Farm |
| 16:39 | Build | Farm |
| 16:40 | Build | Farm |
| 16:41 | Build | Farm |
| 16:42 | Build | Farm |
| 16:47 | Age | Castle Age |
| 16:54 | Build | Town Center |
| 17:20 | Create | Villager (Male) |
| 17:33 | Build | Town Center |
| 17:41 | Create | Villager (Male) |
| 18:00 | Create | Villager (Male) |
| 18:09 | Build | Farm |
| 18:10 | Build | Farm |
| 18:35 | Create | Villager (Male) |
| 18:42 | Build | Farm |
| 18:43 | Build | Farm |
| 18:45 | Create | Villager (Male) |
| 19:05 | Build | Farm |
| 19:10 | Create | Villager (Male) |
| 19:10 | Create | Villager (Male) |
| 19:10 | Create | Villager (Male) |
| 19:11 | Create | Villager (Male) |
| 19:20 | Build | Farm |
| 19:21 | Build | Farm |
| 19:38 | Create | Villager (Male) |
| 19:38 | Create | Villager (Male) |
| 19:39 | Create | Villager (Male) |
| 19:47 | Build | Farm |
| 19:48 | Build | Farm |
| 20:03 | Create | Villager (Male) |
| 20:03 | Create | Villager (Male) |
| 20:03 | Create | Villager (Male) |
| 20:04 | Create | Villager (Male) |
| 20:17 | Create | Villager (Male) |
| 20:17 | Create | Villager (Male) |
| 20:27 | Build | Farm |
| 20:35 | Build | Farm |
| 20:37 | Create | Villager (Male) |
| 20:38 | Create | Villager (Male) |
| 20:38 | Create | Villager (Male) |
| 20:38 | Create | Villager (Male) |
| 20:45 | Create | Villager (Male) |
| 20:45 | Create | Villager (Male) |
| 20:52 | Build | Farm |
| 20:53 | Build | Farm |
| 20:59 | Create | Villager (Male) |
| 20:59 | Create | Villager (Male) |
| 21:15 | Create | Villager (Male) |
| 21:31 | Build | Town Center |
| 21:34 | Create | Villager (Male) |
| 21:35 | Create | Villager (Male) |
| 21:41 | Research | Double-Bit Axe |
| 21:45 | Create | Villager (Male) |
| 21:45 | Create | Villager (Male) |
| 21:54 | Create | Villager (Male) |
| 21:55 | Create | Villager (Male) |
| 22:14 | Build | Settlement |
| 22:17 | Create | Villager (Male) |
| 22:18 | Create | Villager (Male) |
| 22:33 | Build | Farm |
| 22:34 | Build | Farm |
| 22:35 | Build | Farm |
| 22:39 | Create | Villager (Male) |
| 22:39 | Create | Villager (Male) |
| 22:40 | Create | Villager (Male) |
| 22:47 | Build | Farm |
| 22:54 | Create | Villager (Male) |
| 23:04 | Create | Villager (Male) |
| 23:06 | Create | Villager (Male) |
| 23:13 | Build | Monastery |
| 23:16 | Create | Villager (Male) |
| 23:17 | Create | Villager (Male) |
| 23:25 | Build | Farm |
| 23:26 | Build | Farm |
| 23:34 | Create | Villager (Male) |
| 23:40 | Create | Villager (Male) |
| 23:52 | Create | Villager (Male) |
| 23:53 | Create | Villager (Male) |
| 23:53 | Create | Villager (Male) |
| 23:59 | Build | University |
| 24:05 | Build | House |
| 24:08 | Build | House |
| 24:09 | Build | House |
| 24:10 | Build | House |
| 24:11 | Build | House |
| 24:11 | Build | House |
| 24:14 | Create | Villager (Male) |
| 24:19 | Research | Heavy Plow |
| 24:23 | Research | Bow Saw |
| 24:25 | Research | Heavy Plow |
| 24:28 | Create | Villager (Male) |
| 24:28 | Create | Villager (Male) |
| 24:29 | Create | Villager (Male) |
| 24:39 | Create | Monk |
| 24:49 | Create | Villager (Male) |
| 24:49 | Create | Villager (Male) |
| 25:01 | Create | Villager (Male) |
Build order — 捣蛋鬼曼波
First 150 of 369 actions detected
| 0:04 | Build | House |
| 0:05 | Create | Villager (Male) |
| 0:05 | Create | Villager (Male) |
| 0:06 | Create | Villager (Male) |
| 0:06 | Create | Villager (Male) |
| 0:06 | Create | Villager (Male) |
| 0:10 | Build | House |
| 0:41 | Build | House |
| 0:42 | Build | House |
| 1:28 | Build | Mill |
| 1:36 | Create | Villager (Male) |
| 2:19 | Create | Villager (Male) |
| 2:44 | Research | Loom |
| 3:02 | Create | Villager (Male) |
| 3:02 | Create | Villager (Male) |
| 3:03 | Create | Villager (Male) |
| 3:24 | Create | Villager (Male) |
| 3:39 | Create | Villager (Male) |
| 3:40 | Create | Villager (Male) |
| 3:40 | Create | Villager (Male) |
| 3:58 | Create | Villager (Male) |
| 4:18 | Create | Villager (Male) |
| 4:47 | Create | Villager (Male) |
| 4:47 | Create | Villager (Male) |
| 4:53 | Build | Mining Camp |
| 4:56 | Create | Villager (Male) |
| 5:23 | Create | Villager (Male) |
| 5:24 | Create | Villager (Male) |
| 5:24 | Create | Villager (Male) |
| 6:00 | Create | Villager (Male) |
| 6:00 | Create | Villager (Male) |
| 6:00 | Create | Villager (Male) |
| 6:12 | Build | Lumber Camp |
| 6:31 | Create | Villager (Male) |
| 6:32 | Create | Villager (Male) |
| 7:11 | Build | Mill |
| 7:22 | Create | Villager (Male) |
| 7:22 | Create | Villager (Male) |
| 8:04 | Create | Villager (Male) |
| 8:07 | Build | House |
| 8:08 | Build | House |
| 8:40 | Build | Farm |
| 9:12 | Create | Villager (Male) |
| 9:12 | Create | Villager (Male) |
| 9:13 | Create | Villager (Male) |
| 9:13 | Create | Villager (Male) |
| 9:53 | Build | Mining Camp |
| 9:56 | Build | Farm |
| 10:30 | Build | Farm |
| 10:43 | Build | Farm |
| 11:08 | Build | Farm |
| 11:16 | Research | Feudal Age |
| 11:33 | Build | Farm |
| 12:07 | Build | Farm |
| 12:09 | Build | Farm |
| 12:14 | Build | Lumber Camp |
| 13:39 | Age | Feudal Age |
| 13:40 | Research | Castle Age |
| 13:40 | Research | Castle Age |
| 13:41 | Research | Castle Age |
| 13:45 | Research | Horse Collar |
| 13:59 | Build | Farm |
| 14:09 | Research | Double-Bit Axe |
| 14:15 | Build | House |
| 14:16 | Build | House |
| 14:22 | Build | House |
| 14:23 | Build | House |
| 14:24 | Build | House |
| 14:25 | Build | House |
| 14:26 | Build | House |
| 14:26 | Build | House |
| 14:27 | Build | House |
| 14:28 | Build | House |
| 14:30 | Build | House |
| 14:30 | Build | House |
| 14:31 | Build | House |
| 14:32 | Build | House |
| 16:08 | Create | Villager (Male) |
| 16:08 | Create | Villager (Male) |
| 16:09 | Create | Villager (Male) |
| 16:11 | Create | Villager (Male) |
| 16:11 | Create | Villager (Male) |
| 16:20 | Age | Castle Age |
| 16:21 | Research | Heavy Plow |
| 16:21 | Research | Heavy Plow |
| 16:21 | Research | Heavy Plow |
| 16:26 | Build | Monastery |
| 16:52 | Build | Town Center |
| 17:00 | Research | Bow Saw |
| 17:15 | Build | Farm |
| 17:25 | Create | Monk |
| 17:25 | Research | Fervor |
| 17:27 | Create | Villager (Male) |
| 17:39 | Build | Farm |
| 18:03 | Build | Town Center |
| 18:19 | Create | Monk |
| 18:41 | Create | Villager (Male) |
| 18:54 | Build | Town Center |
| 19:22 | Create | Villager (Male) |
| 19:26 | Build | Farm |
| 19:30 | Create | Villager (Male) |
| 19:43 | Build | House |
| 19:45 | Build | House |
| 19:47 | Build | House |
| 19:48 | Build | House |
| 19:50 | Build | House |
| 19:52 | Create | Villager (Male) |
| 19:52 | Create | Villager (Male) |
| 19:55 | Build | Farm |
| 20:11 | Create | Villager (Male) |
| 20:15 | Build | Town Center |
| 20:20 | Create | Villager (Male) |
| 20:22 | Build | Farm |
| 20:32 | Create | Villager (Male) |
| 20:42 | Research | Wheelbarrow |
| 20:42 | Research | Wheelbarrow |
| 20:44 | Create | Villager (Male) |
| 20:44 | Create | Villager (Male) |
| 20:54 | Create | Villager (Male) |
| 20:55 | Create | Villager (Male) |
| 21:03 | Build | Farm |
| 21:03 | Create | Villager (Male) |
| 21:03 | Create | Villager (Male) |
| 21:08 | Create | Villager (Male) |
| 21:09 | Create | Villager (Male) |
| 21:14 | Build | Farm |
| 21:14 | Create | Villager (Male) |
| 21:15 | Create | Villager (Male) |
| 21:27 | Create | Villager (Male) |
| 21:27 | Create | Villager (Male) |
| 21:32 | Create | Villager (Male) |
| 21:37 | Create | Villager (Male) |
| 21:38 | Create | Villager (Male) |
| 21:55 | Create | Villager (Male) |
| 21:55 | Create | Villager (Male) |
| 21:57 | Build | Farm |
| 22:01 | Build | Farm |
| 22:13 | Create | Villager (Male) |
| 22:13 | Create | Villager (Male) |
| 22:21 | Create | Villager (Male) |
| 22:21 | Create | Villager (Male) |
| 22:35 | Create | Villager (Male) |
| 22:35 | Create | Villager (Male) |
| 22:39 | Build | Mining Camp |
| 22:43 | Build | Farm |
| 22:45 | Build | Farm |
| 22:48 | Create | Villager (Male) |
| 22:50 | Build | Farm |
| 22:52 | Build | Farm |
| 22:57 | Create | Villager (Male) |
Build order — 有嘎达猪王
First 150 of 177 actions detected
| 0:02 | Create | Villager (Male) ×4 |
| 0:03 | Research | Loom |
| 0:07 | Build | House |
| 0:14 | Build | House |
| 1:41 | Create | Villager (Male) |
| 1:41 | Create | Villager (Male) |
| 1:44 | Research | Loom |
| 2:30 | Create | Villager (Male) |
| 2:30 | Create | Villager (Male) |
| 2:30 | Create | Villager (Male) |
| 3:00 | Create | Villager (Male) |
| 3:00 | Create | Villager (Male) |
| 3:19 | Create | Villager (Male) |
| 3:19 | Create | Villager (Male) |
| 3:19 | Create | Villager (Male) |
| 3:50 | Create | Villager (Male) |
| 3:50 | Create | Villager (Male) |
| 3:50 | Create | Villager (Male) |
| 4:11 | Build | Settlement |
| 4:37 | Create | Villager (Male) |
| 4:37 | Create | Villager (Male) |
| 4:56 | Create | Villager (Male) |
| 4:56 | Create | Villager (Male) |
| 5:20 | Build | Settlement |
| 5:25 | Create | Villager (Male) |
| 5:26 | Create | Villager (Male) |
| 5:26 | Create | Villager (Male) |
| 5:50 | Create | Villager (Male) |
| 5:50 | Create | Villager (Male) |
| 5:50 | Create | Villager (Male) |
| 6:35 | Create | Villager (Male) ×2 |
| 6:58 | Create | Villager (Male) |
| 6:58 | Create | Villager (Male) |
| 7:22 | Build | Settlement |
| 8:15 | Create | Villager (Male) |
| 8:16 | Create | Villager (Male) ×5 |
| 8:16 | Create | Villager (Male) ×5 |
| 8:16 | Create | Villager (Male) ×5 |
| 9:35 | Research | Feudal Age |
| 9:52 | Create | Villager (Male) |
| 9:52 | Create | Villager (Male) |
| 10:32 | Build | Settlement |
| 11:08 | Build | Settlement |
| 12:14 | Age | Feudal Age |
| 12:18 | Build | Market |
| 12:40 | Build | Blacksmith |
| 12:55 | Build | Farm |
| 13:28 | Build | Farm |
| 13:32 | Research | Castle Age |
| 13:45 | Build | Farm |
| 14:11 | Research | Double-Bit Axe |
| 15:36 | Build | Farm |
| 15:43 | Research | Horse Collar |
| 16:12 | Age | Castle Age |
| 16:15 | Create | Villager (Male) ×5 |
| 16:25 | Build | Town Center |
| 16:31 | Create | Villager (Male) |
| 16:35 | Research | Bow Saw |
| 17:20 | Build | Farm |
| 17:37 | Build | Farm |
| 17:42 | Create | Villager (Male) ×4 |
| 17:53 | Build | Farm |
| 17:54 | Build | Farm |
| 17:55 | Build | Farm |
| 17:57 | Build | Farm |
| 17:58 | Build | Farm |
| 18:08 | Create | Villager (Male) |
| 18:42 | Create | Villager (Male) |
| 18:42 | Create | Villager (Male) |
| 18:48 | Build | Farm |
| 18:49 | Build | Farm |
| 18:55 | Build | Farm |
| 19:01 | Create | Villager (Male) |
| 19:13 | Build | Town Center |
| 19:24 | Build | Farm |
| 19:49 | Research | Wheelbarrow |
| 19:52 | Create | Villager (Male) |
| 19:52 | Create | Villager (Male) |
| 20:02 | Build | Farm |
| 20:03 | Build | Farm |
| 20:06 | Build | Farm |
| 20:07 | Build | Farm |
| 20:08 | Build | Farm |
| 20:10 | Build | Farm |
| 20:16 | Build | Farm |
| 20:23 | Create | Villager (Male) |
| 20:26 | Create | Villager (Male) |
| 20:26 | Create | Villager (Male) |
| 20:34 | Create | Villager (Male) |
| 20:34 | Create | Villager (Male) |
| 20:42 | Build | Farm |
| 20:44 | Build | Farm |
| 20:50 | Create | Villager (Male) ×2 |
| 21:04 | Build | House |
| 21:05 | Build | House |
| 21:06 | Build | House |
| 21:07 | Build | House |
| 21:10 | Build | House |
| 21:10 | Build | House |
| 21:16 | Create | Villager (Male) ×2 |
| 21:35 | Build | Castle |
| 21:43 | Create | Villager (Male) ×5 |
| 22:08 | Build | Town Center |
| 22:23 | Research | Hand Cart |
| 22:57 | Build | Stone Wall |
| 22:59 | Build | Stone Wall |
| 22:59 | Build | Stone Wall |
| 23:01 | Build | Stone Wall |
| 23:03 | Build | Stone Wall |
| 23:05 | Build | Stone Wall |
| 23:07 | Build | Stone Wall |
| 23:10 | Build | Stone Wall |
| 24:48 | Research | Imperial Age |
| 24:55 | Create | Villager (Male) ×3 |
| 25:04 | Build | Farm |
| 25:05 | Build | Farm |
| 25:09 | Build | Farm |
| 25:22 | Create | Villager (Male) |
| 25:22 | Create | Villager (Male) |
| 25:28 | Create | Villager (Male) |
| 25:28 | Create | Villager (Male) |
| 25:33 | Build | Farm |
| 25:42 | Research | Heavy Plow |
| 25:46 | Create | Kamayuk |
| 25:46 | Create | Kamayuk |
| 25:47 | Create | Kamayuk |
| 26:06 | Build | Farm |
| 26:10 | Create | Villager (Male) |
| 26:14 | Create | Villager (Male) |
| 26:14 | Create | Villager (Male) |
| 27:08 | Build | Barracks |
| 27:54 | Build | Archery Range |
| 27:55 | Build | Archery Range |
| 27:58 | Age | Imperial Age |
| 28:01 | Research | Forging |
| 28:01 | Research | Scale Mail Armor |
| 28:05 | Create | Trebuchet (Packed) |
| 28:05 | Create | Trebuchet (Packed) |
| 28:25 | Build | Castle |
| 28:43 | Research | Conscription |
| 28:46 | Create | Villager (Male) ×5 |
| 28:51 | Create | Villager (Male) ×5 |
| 28:55 | Create | Villager (Male) ×5 |
| 28:56 | Create | Villager (Male) ×5 |
| 29:09 | Build | Settlement |
| 29:25 | Research | Crop Rotation |
| 29:38 | Create | Villager (Male) |
| 29:40 | Create | Villager (Male) |
| 29:40 | Create | Villager (Male) |
| 29:43 | Build | Farm |
Build order — 冈坂日川
First 150 of 384 actions detected
| 0:02 | Create | Villager (Male) |
| 0:02 | Create | Villager (Male) |
| 0:02 | Create | Villager (Male) |
| 0:03 | Build | House |
| 0:04 | Build | House |
| 0:42 | Create | Villager (Male) |
| 0:42 | Create | Villager (Male) |
| 1:25 | Create | Villager (Male) |
| 1:25 | Create | Villager (Male) |
| 1:47 | Build | Lumber Camp |
| 1:52 | Create | Villager (Male) |
| 1:52 | Create | Villager (Male) |
| 2:21 | Create | Villager (Male) |
| 2:21 | Create | Villager (Male) |
| 2:52 | Create | Villager (Male) |
| 2:53 | Create | Villager (Male) |
| 3:30 | Create | Villager (Male) |
| 3:30 | Create | Villager (Male) |
| 4:02 | Build | House |
| 4:08 | Create | Villager (Male) |
| 4:42 | Build | Mill |
| 4:44 | Create | Villager (Male) |
| 4:44 | Create | Villager (Male) |
| 4:47 | Create | Villager (Male) |
| 4:47 | Create | Villager (Male) |
| 4:47 | Create | Villager (Male) |
| 4:57 | Build | House |
| 5:52 | Create | Villager (Male) |
| 5:52 | Create | Villager (Male) |
| 5:56 | Create | Villager (Male) |
| 6:47 | Create | Villager (Male) |
| 6:47 | Create | Villager (Male) |
| 6:58 | Build | Mining Camp |
| 7:20 | Build | Lumber Camp |
| 7:36 | Create | Villager (Male) |
| 7:38 | Create | Villager (Male) |
| 8:26 | Research | Feudal Age |
| 8:52 | Build | Farm |
| 8:58 | Build | Farm |
| 9:25 | Create | Villager (Male) |
| 9:26 | Create | Villager (Male) |
| 10:39 | Age | Feudal Age |
| 10:41 | Build | Market |
| 10:46 | Build | Blacksmith |
| 10:51 | Build | Mill |
| 11:19 | Build | House |
| 11:23 | Build | House |
| 11:57 | Build | Mining Camp |
| 12:19 | Create | Villager (Male) |
| 12:37 | Research | Castle Age |
| 13:16 | Research | Double-Bit Axe |
| 14:23 | Build | House |
| 15:08 | Build | House |
| 15:24 | Age | Castle Age |
| 15:26 | Build | Town Center |
| 15:31 | Build | Town Center |
| 15:33 | Create | Villager (Male) |
| 15:34 | Create | Villager (Male) |
| 15:39 | Build | House |
| 15:51 | Build | Monastery |
| 15:58 | Create | Villager (Male) |
| 16:07 | Create | Villager (Male) |
| 16:26 | Build | Farm |
| 16:33 | Create | Monk |
| 16:43 | Research | Horse Collar |
| 16:46 | Create | Villager (Male) |
| 16:48 | Create | Villager (Male) |
| 16:54 | Build | Farm |
| 16:56 | Create | Villager (Male) |
| 16:56 | Create | Villager (Male) |
| 17:11 | Create | Villager (Male) |
| 17:12 | Create | Villager (Male) |
| 17:16 | Build | Farm |
| 17:20 | Build | Farm |
| 17:25 | Create | Villager (Male) |
| 17:25 | Create | Villager (Male) |
| 17:25 | Create | Villager (Male) |
| 17:25 | Create | Villager (Male) |
| 17:28 | Create | Monk |
| 17:30 | Create | Monk |
| 17:30 | Create | Villager (Male) |
| 17:30 | Create | Villager (Male) |
| 17:34 | Build | Farm |
| 17:46 | Build | Farm |
| 17:53 | Build | Farm |
| 18:00 | Create | Villager (Male) |
| 18:00 | Create | Villager (Male) |
| 18:14 | Create | Villager (Male) |
| 18:14 | Create | Villager (Male) |
| 18:14 | Create | Villager (Male) |
| 18:21 | Build | Farm |
| 18:43 | Build | Town Center |
| 18:55 | Build | Town Center |
| 18:59 | Create | Villager (Male) |
| 18:59 | Create | Villager (Male) |
| 18:59 | Create | Villager (Male) |
| 19:11 | Create | Monk |
| 19:11 | Create | Villager (Male) |
| 19:13 | Create | Villager (Male) |
| 19:14 | Create | Villager (Male) |
| 19:34 | Create | Villager (Male) |
| 19:34 | Create | Villager (Male) |
| 19:34 | Create | Villager (Male) |
| 19:41 | Build | Farm |
| 19:43 | Build | Farm |
| 19:45 | Build | Farm |
| 19:46 | Build | Farm |
| 19:52 | Build | Farm |
| 19:53 | Create | Villager (Male) |
| 19:54 | Research | Loom |
| 19:57 | Build | Farm |
| 20:00 | Build | Farm |
| 20:03 | Create | Villager (Male) |
| 20:03 | Create | Villager (Male) |
| 20:07 | Create | Villager (Male) |
| 20:11 | Create | Villager (Male) |
| 20:12 | Create | Villager (Male) |
| 20:29 | Build | Farm |
| 20:29 | Build | Farm |
| 20:30 | Build | Farm |
| 20:30 | Build | Farm |
| 20:30 | Build | Farm |
| 20:30 | Build | Farm |
| 20:31 | Build | Farm |
| 20:31 | Build | Farm |
| 20:34 | Create | Villager (Male) |
| 20:34 | Create | Villager (Male) |
| 20:39 | Build | Farm |
| 20:44 | Build | House |
| 20:45 | Build | House |
| 20:46 | Build | House |
| 20:47 | Build | House |
| 20:51 | Create | Villager (Male) |
| 20:52 | Create | Villager (Male) |
| 20:52 | Create | Villager (Male) |
| 20:52 | Create | Villager (Male) |
| 20:59 | Build | Farm |
| 21:02 | Build | Farm |
| 21:05 | Build | Farm |
| 21:20 | Build | Town Center |
| 21:23 | Build | Farm |
| 21:46 | Build | Stone Wall |
| 21:49 | Build | Stone Wall |
| 21:51 | Build | Stone Wall |
| 21:54 | Create | Villager (Male) |
| 21:54 | Create | Villager (Male) |
| 21:54 | Create | Villager (Male) |
| 22:01 | Build | Farm |
| 22:02 | Create | Villager (Male) |
| 22:02 | Create | Villager (Male) |
Match timeline
| 10:39 | 冈坂日川 · age_up feudal |
| 10:58 | ffenics · age_up feudal |
| 10:59 | wannabepirate · age_up feudal |
| 11:01 | cicici · age_up feudal |
| 11:12 | #14 · age_up feudal |
| 12:14 | 有嘎达猪王 · age_up feudal |
| 12:24 | #14 · first_building Barracks |
| 12:34 | 二旬老汉 · age_up feudal |
| 13:24 | #14 · first_building Stable |
| 13:29 | 二旬老汉 · first_market_sell 100 food |
| 13:30 | 二旬老汉 · first_market_buy 100 wood |
| 13:39 | 捣蛋鬼曼波 · age_up feudal |
| 14:32 | wannabepirate · age_up castle |
| 15:07 | #14 · age_up castle |
| 15:18 | cicici · age_up castle |
| 15:20 | wannabepirate · first_building Monastery |
| 15:24 | 冈坂日川 · age_up castle |
| 15:39 | cicici · first_building Castle |
| 15:51 | 冈坂日川 · first_building Monastery |
| 16:12 | 有嘎达猪王 · age_up castle |
| 16:20 | 捣蛋鬼曼波 · age_up castle |
| 16:23 | ffenics · wall_segment Stone Wall x24 |
| 16:24 | ffenics · age_up castle |
| 16:26 | 捣蛋鬼曼波 · first_building Monastery |
| 16:47 | 二旬老汉 · age_up castle |
| 16:52 | ffenics · first_market_buy 100 stone |
| 21:01 | ffenics · first_building Barracks |
| 21:14 | #14 · first_building Monastery |
| 21:35 | 有嘎达猪王 · first_building Castle |
| 21:46 | 冈坂日川 · wall_segment Stone Wall x7 |
| 21:49 | 冈坂日川 · wall_segment Stone Wall x6 |
| 21:51 | 冈坂日川 · wall_segment Stone Wall x5 |
| 22:21 | cicici · first_building Barracks |
| 22:57 | 有嘎达猪王 · wall_segment Stone Wall x3 |
| 22:59 | 有嘎达猪王 · wall_segment Stone Wall x3 |
| 22:59 | 有嘎达猪王 · wall_segment Stone Wall x1 |
| 23:01 | 有嘎达猪王 · wall_segment Stone Wall x3 |
| 23:03 | 有嘎达猪王 · wall_segment Stone Wall x1 |
| 23:04 | wannabepirate · first_market_sell 100 food |
| 23:05 | 有嘎达猪王 · wall_segment Stone Wall x4 |
| 23:07 | 有嘎达猪王 · wall_segment Stone Wall x2 |
| 23:10 | 有嘎达猪王 · wall_segment Stone Wall x7 |
| 23:13 | 二旬老汉 · first_building Monastery |
| 23:38 | ffenics · first_building Archery Range |
| 23:46 | cicici · first_building Archery Range |
| 23:59 | 冈坂日川 · wall_segment Stone Wall x14 |
| 23:59 | ffenics · first_building Castle |
| 24:08 | 有嘎达猪王 · first_market_sell 100 wood |
| 24:11 | 冈坂日川 · first_building Barracks |
| 24:44 | wannabepirate · first_building Barracks |
| 25:22 | wannabepirate · first_building Stable |
| 26:31 | 冈坂日川 · first_building Siege Workshop |
| 26:58 | ffenics · wall_segment Stone Wall x30 |
| 27:08 | 有嘎达猪王 · first_building Barracks |
| 27:16 | 二旬老汉 · first_building Barracks |
| 27:21 | 二旬老汉 · first_building Castle |
| 27:25 | 冈坂日川 · first_building Castle |
| 27:36 | wannabepirate · first_building Castle |
| 27:49 | wannabepirate · age_up imperial |
| 27:54 | 有嘎达猪王 · first_building Archery Range |
| 27:58 | 有嘎达猪王 · age_up imperial |
| 28:12 | 二旬老汉 · first_building Siege Workshop |
| 28:21 | 二旬老汉 · first_building Archery Range |
| 28:25 | ffenics · first_building Monastery |
| 28:27 | 捣蛋鬼曼波 · first_building Castle |
| 29:09 | cicici · age_up imperial |
| 29:17 | cicici · first_market_sell 100 food |
| 29:21 | cicici · first_market_buy 100 wood |
| 29:30 | 冈坂日川 · wall_segment Stone Wall x11 |
| 29:57 | 捣蛋鬼曼波 · first_building Stable |
| 30:13 | 二旬老汉 · age_up imperial |
| 30:18 | #14 · age_up imperial |
| 30:46 | wannabepirate · first_building Siege Workshop |
| 31:11 | ffenics · wall_segment Stone Wall x10 |
| 31:29 | 冈坂日川 · age_up imperial |
| 31:34 | #14 · first_building Castle |
| 32:07 | 捣蛋鬼曼波 · age_up imperial |
| 32:35 | cicici · resign |
| 33:17 | 捣蛋鬼曼波 · first_market_sell 500 wood |
| 35:24 | 捣蛋鬼曼波 · first_building Barracks |
[ AI ANALYSIS · 1 CREDIT ]
What really happened in this match?
Wolo.gg analyzes every decision: build order, eco, micro, common mistakes by bracket. Personalized analysis on WhatsApp or Discord in 30 seconds.
Civ guide
Franks
Map guide
Arena
Perfil
#14